 Dungeon Crawl Stone Soup version 0.27-a0-1187-ge80a49f (webtiles) character file.

Game seed: 6832784401630053884

51 Illumine the Skirmisher (level 3, 0/46 HPs)
             Began as a Palentonga Fighter on May 19, 2021.
             Succumbed to an adder's poison
             ... on level 2 of the Dungeon.
             The game lasted 00:01:55 (1022 turns).

Illumine the Skirmisher (Palentonga Fighter)        Turns: 1022, Time: 00:01:55

Health: 0/46       AC: 21    Str: 20    XL:     3   Next: 57%
Magic:  3/3        EV:  1    Int:  8    God:
Gold:   12         SH:  8    Dex:  9    Spells: 2/2 levels left

rFire    . . .     SeeInvis +   a - +0 war axe
rCold    . . .     Faith    .   c - +0 kite shield
rNeg     + + +     Spirit   .   (armour currently unavailable)
rPois    +         Reflect  .   (helmet currently unavailable)
rElec    .         Harm     .   (cloak currently unavailable)
rCorr    .         Rampage  .   (gloves currently unavailable)
Will     .....     NoTele   +   (no barding)
Stlth    +.........             (no amulet)
HPRegen  0.15/turn              (no ring)
MPRegen  0.08/turn              (no ring)

@: mighty, lethally poisoned (0 -> -2), tree-form
A: stationary, stasis, torment immunity, boosted hp, large, rugged brown scales
3, see invisible, (deformed body), (roll 1), (armoured tail)
a: no special abilities


You were on level 2 of the Dungeon.
You were a tree.
You visited 1 branch of the dungeon, and saw 2 of its levels.

You collected 12 gold pieces.

Inventory:

Hand Weapons
 a - a +0 war axe (weapon)
Armour
 b - a +0 scale mail (melded)
 c - a +0 kite shield (worn)
Scrolls
 e - 3 scrolls of teleportation {unknown}
 f - a scroll of acquirement {unknown}
 i - a scroll of enchant weapon {unknown}


   Skills:
 + Level 3.5 Fighting
 * Level 3.5 Axes
 - Level 2.4 Armour
 - Level 2.4 Shields


You had 2 spell levels left.
You didn't know any spells.
Your spell library was empty.

Dungeon Overview and Level Annotations

Branches:
Dungeon (2/15)

Altars:


Innate Abilities, Weirdness & Mutations

You are a tree.
Your roots penetrate the ground, keeping you stationary.
You cannot be teleported.
You are immune to unholy pain and torment.
Your maximum health is greatly increased.
Your equipment is partially melded.
(You are completely covered in rugged brown scales. (AC +3, +7% HP))
You have supernaturally acute eyesight. (SInv)
((Armour fits poorly on your strangely shaped body.))
((You can roll at nearby foes to attack.))
((You have a long armoured tail.))


Message History

Aim: a goblin, wielding a +0 hunting sling and quivering stones You roll forward with a clatter of scales!
You barely miss the goblin.
You hear a shout!
You hear an angry hiss.
An adder comes into view.
The goblin unwields a +0 hunting sling.
The goblin wields a +0 club.
You block the goblin's attack.
You slash the goblin!
You kill the goblin!
A hobgoblin comes into view.
The hobgoblin shouts!
Items here: ( )) ? †.
You barely miss the hobgoblin. You block the hobgoblin's attack.
You slash the hobgoblin!
You kill the hobgoblin!
You block the adder's attack.
You miss the adder. The adder bites you.
You are poisoned.
The adder poisons you! The adder bites you.
You closely miss the adder.
You feel sick. The adder bites you.
You are more poisoned.
The adder poisons you! The adder bites you but does no damage.
You miss the adder.
* * * LOW HITPOINT WARNING * * *
You feel very sick. You block the adder's attack. The adder bites you.
* * * LOW HITPOINT WARNING * * *
Unknown command.
* * * LOW HITPOINT WARNING * * *
You feel sick.
It was a potion of lignification.
You turn into a tree.
Your +0 scale mail melds into your body.
Your roots penetrate the ground.
* * * LOW HITPOINT WARNING * * *
You feel sick. You block the adder's attack.
It was a potion of flight.
Your roots keep you in place.
* * * LOW HITPOINT WARNING * * *
You feel sick.
The adder bites you but does no damage. x2
You feel very mighty all of a sudden.
You die...

.........#
........+ .......#
#.........# ###
##.........###. ..#
.....#........ ..#
#...#)###### ..#
#...#S#....# ..#
#....♣.....# ..#
#............
..####
+........###.
.....# # #........#
.....#
#.##........#
.....#
##.#.......#.#
.....#
#.....†...##...
##...# ..#.....##
####
#...######.###.....


You could see an adder.

Vanquished Creatures
  2 adders (D:2)
  A dart slug (D:1)
  2 ball pythons (D:1)
  An endoplasm (D:2)
  2 giant cockroaches (D:1)
  3 goblins
  2 hobgoblins
  4 jackals (D:1)
  A quokka (D:1)
  4 bats (D:1)
  2 frilled lizards (D:1)
  2 kobolds (D:1)
  3 rats (D:1)
29 creatures vanquished.

Notes
Turn   | Place    | Note
-------+----------+-------------------------------------------
     0 | D:1      | Illumine the Palentonga Fighter began the quest for the
                  | Orb.
     0 | D:1      | Reached XP level 1. HP: 19/19 MP: 1/1
    97 | D:1      | Reached XP level 2. HP: 21/25 MP: 2/2
   885 | D:2      | Reached XP level 3. HP: 16/31 MP: 3/3
  1020 | D:2      | HP: 2/46 [poisoned by an adder]
  1022 | D:2      | Succumbed to an adder's poison

Illustrated notes

Levels and vault maps discovered:
D:1:      dpeg_arrival_arbitrary_b, layout_loops_ring
D:2:      layout_basic, grunt_decor_clamped, minmay_randomly_rotated_circles

Skill      XL: |  1  2 |
---------------+-------+-----
Axes           | 3 |  3.5
Fighting       | |  3.5
Armour         | |  2.4
Shields        | |  2.4

Action                   || total
-------------------------++-------
Melee: War axe           ||    97
       Tailslap          ||     7
 Abil: Rolling Charge    ||    16
  Use: Potion            ||     3
Armor: Scale mail        ||    62
       Skin              ||     2
Dodge: Dodged            ||    33
Block: Kite shield       ||    70

Table legend: (Time is in decaauts)
 A = Elapsed time spent in this place.
 B = Non-inter-level travel time spent in this place.
 C = Inter-level travel time spent in this place.
 D = Time resting spent in this place.
 E = Time spent auto-exploring this place.
 F = Levels seen in this place.
 G = Mean time per level.
                   A        B        C        D        E       F      G
               +--------+--------+--------+--------+--------+-----+--------+
         Total |   1077 |   1055 |     22 |    171 |    663 |   2 |  538.5 |
       Dungeon |   1077 |   1055 |     22 |    171 |    663 |   2 |  538.5 |
               +--------+--------+--------+--------+--------+-----+--------+

Top non-repeatable levels by time:
     D:1: 864 daAuts
     D:2: 212 daAuts
